 Dungeon Sprint DCSS version 0.29.1-15-g9cfb28693d (webtiles) character file.

Game seed: 16305416772585103060

7 Groucho the Sneak (level 2, -2/22 HPs)
             Began as a Naga Enchanter on Apr 29, 2023.
             Slain by a merfolk siren
             ... wielding a +0 spear
              (13 damage)
             ... in the Dungeon (Sprint II: "The Violet Keep of Menkaure").
             The game lasted 00:00:36 (28 turns).

Groucho the Sneak (Naga Enchanter)                    Turns: 28, Time: 00:00:37

Health: -2/22      AC:  1    Str: 10    XL:     2   Next: 0%
Magic:  5/5        EV: 10    Int: 15    God:
Gold:   0          SH:  0    Dex: 11    Spells: 5/5 levels left

rFire   . . .      SeeInvis +   a - +1 dagger
rCold   . . .      Faith    .   (no shield)
rNeg    . . .      Spirit   .   b - +0 robe
rPois   +          Reflect  .   (no helmet)
rElec   .          Harm     .   (no cloak)
rCorr   .          Rampage  .   (no gloves)
Will    .....      NoTele   +   (no barding)
Stlth   +++.......              (no amulet)
HPRegen 0.07/turn               (no ring)
MPRegen 0.09/turn               (no ring)

@: hasted, invisible, quick
A: AC +0, large, see invisible, deformed body, poison resistance, slowness 2,
spit poison 1, naga tail 1
a: Spit Poison


You were in the Dungeon.
You visited 1 branch

Inventory:

Hand Weapons
 a - a +1 dagger (weapon)
Armour
 b - a +0 robe (worn)
Scrolls
 i - a scroll of blinking
Potions
 c - a potion of invisibility
 e - a potion of heal wounds
 g - 2 potions of magic
 h - a potion of berserk rage


   Skills:
 + Level 1.8 Short Blades
 + Level 2.1 Dodging
 + Level 5.1 Stealth
 + Level 2.4 Spellcasting
 + Level 3.4 Hexes


You had 5 spell levels left.
You didn't know any spells.
Your spell library contained the following spells:

 Spells                   Type           Power      Damage    Failure   Level
 Ensorcelled Hibernation  Hex/Ice        12%        N/A       16%         2
 Confusing Touch          Hex            12%        N/A       16%         3
 Tukima's Dance           Hex            12%        N/A       16%         3
 Dazzling Flash           Conj/Hex       12%        N/A       32%         3


Dungeon Overview and Level Annotations

Branches:
Dungeon (1/1)

Altars:


Innate Abilities, Weirdness & Mutations

Your serpentine skin is tough. (AC +0)
You have supernaturally acute eyesight. (SInv)
Armour fits poorly on your strangely shaped body.
Your system is resistant to poisons. (rPois)
You cover ground very slowly.
You can spit poison.
You have a snake-like lower body.


Message History

You have reached level 2!
Unknown command.
There is an open door here.
You open the door.
A merfolk siren comes into view. It is wielding a +0 spear.
Found 243 gold pieces.
There is an open door here.
You see here 243 gold pieces.
The helpless merfolk siren fails to defend itself.
You impale the merfolk siren!!
The merfolk siren is heavily wounded.
The merfolk siren barely misses you.
You hit the merfolk siren.
The merfolk siren is heavily wounded.
The merfolk siren hits you with a +0 spear.
You hit the merfolk siren.
The merfolk siren is heavily wounded.
You closely miss the merfolk siren.
The merfolk siren is heavily wounded.
You hit the merfolk siren.
The merfolk siren is severely wounded.
The merfolk siren hits you with a +0 spear!
Ouch! That really hurt!
* * * LOW HITPOINT WARNING * * *
You are too injured to fight recklessly!
You are too injured to fight recklessly!
You hit the merfolk siren.
The merfolk siren is severely wounded.
You strike the helpless merfolk siren from behind!
You puncture the merfolk siren!
The merfolk siren is almost dead.
The merfolk siren barely misses you.
You hit the merfolk siren but do no damage.
The merfolk siren is almost dead.
Unknown command.
Unknown command.
You feel better.
The merfolk siren hits you with a +0 spear!
Ouch! That really hurt!
You die...

+## #.##
##†.# # #$.#
## ##.
#'###m##
#.B.##.##@..#
#+.<.'$#.+
#$.B##.##...#
##. #+###.##
# ##


You could see a merfolk siren (unable to see you).

Vanquished Creatures
  2 worms (D)
2 creatures vanquished.

Notes
Turn   | Place    | Note
-------+----------+-------------------------------------------
     0 | D        | Groucho the Naga Enchanter began the quest for the Orb.
     0 | D        | Reached XP level 1. HP: 15/15 MP: 3/3
     2 | D        | Noticed a boulder beetle
     2 | D        | Noticed a boulder beetle
    13 | D        | Reached skill level 5 in Stealth
    13 | D        | Reached XP level 2. HP: 22/22 MP: 5/5
    16 | D        | Noticed a merfolk siren
    28 | D        | Slain by a merfolk siren

Illustrated notes

Levels and vault maps discovered:
D:        the_violet_keep_of_menkaure [sprint2_stairs_cluster_1,
          sprint2_shoproom, sprint2_temple, sprint2_basic_supplies,
          sprint2_obstacle_3, sprint2_obstacle_5, sprint2_obstacle_1,
          sprint2_obstacle_4, sprint2_obstacle_2, sprint2_timed_cluster_1,
          sprint2_smallroom_cluster_1, sprint2_smallroom_final_cluster_1,
          sprint2_transparent_cluster_1, sprint2_second_timed_cluster_1,
          sprint2_sniper_area_1, sprint2_heavy_combat_area_1,
          sprint2_mutation_trap_area_1, sprint2_forest_area_1,
          sprint2_light_combat_area_1, sprint2_behind_water_1,
          sprint2_near_end_vault_1]

Skill      XL: |  1 |
---------------+----+-----
Dodging        | 2 |  2.1
Stealth        | 5 |  5.1
Short Blades   | |  1.8
Spellcasting   | |  2.4
Hexes          | |  3.4

Action                   || total
-------------------------++-------
Melee: Dagger            ||    11
  Use: Potion            ||     3
 Stab: Sleeping          ||     3
       Invisible         ||     2
Dodge: Dodged            ||     2
